AoeStats
← Roronoa Yolo

Nomad

510627222Analyzed
4v4 RM · 1d ago on Oct 1, 2026· 20m 39s· 8 players
Game mode
Random Map
Map size
231×231
Population
200
Speed
Normal
Resources
Standard
Victory
Conquest
Starting age
Dark Age
Ending age
Imperial Age
RankedLock teamsTeams togetherTeam positionsShared explorationLock speedFull tech treeHidden civsTurbo modeCheats
Victory
Defeat
🇫🇷 Britons · France
1781
+14
🇫🇷 Mapuche · France
1745
+15
🇫🇷 Berbers · France
1706
+17
🇫🇷 Maya · France
1640
+19
🇧🇪 Japanese · Belgium
1756
-18
🇦🇷 Franks · Argentina
1730
-17
🇦🇷 Hindustanis · Argentina
1718
-16
🇨🇿 Wu · Czechia
1676
-14
Beauvéro
5:03 Loom
14:05 Feudal Age
18:06 Castle Age
16:15 Fishing Lines
17:10 Fletching
20:09 Bodkin Arrow
Roronoa Yolo
4:06 Loom
12:40 Feudal Age
18:11 Castle Age
17:11 Double-Bit Axe
20:25 Bow Saw
20:58 Fletching
Kimbo
12:06 Loom
14:37 Feudal Age
18:10 Castle Age
16:30 Fletching
16:38 Double-Bit Axe
19:44 Forging
20:25 Medium Warships
19:57 Fishing Lines
guimbo
4:32 Loom
13:13 Feudal Age
16:58 Castle Age
15:09 Double-Bit Axe
15:27 Town Watch
Dvnielsiii
14:46 Feudal Age
15:41 Double-Bit Axe
15:37 Fishing Lines
16:38 Forging
18:29 Castle Age
19:06 Fletching
19:31 Scale Barding Armor
21:00 Bloodlines
Chaos
9:31 Loom
12:08 Feudal Age
16:12 Castle Age
14:24 Double-Bit Axe
17:11 Medium Warships
17:26 Bow Saw
RománMás3
5:01 Loom
12:41 Feudal Age
16:23 Castle Age
14:47 Double-Bit Axe
15:20 Fishing Lines
16:16 Fletching
17:24 Bodkin Arrow
18:04 Medium Warships
18:16 Gold Mining
Lic. VELEZ Y VINO
10:49 Loom
12:49 Feudal Age
16:43 Castle Age
14:45 Double-Bit Axe
18:25 Horse Collar
21:16 Scale Mail Armor
21:27 Forging
Connection lost

Rejoining the realm…

Still unreachable

The connection could not be restored.

Session expired

The server has moved on; the page needs a fresh start.